 Dungeon Crawl Stone Soup version 0.16.1-2-g95b8d4c (webtiles) character file.

3131 Hedron the Caller (level 9, -9/51 HPs)
             Began as an Octopode Summoner on Mar 24, 2015.
             Was a Follower of Ashenzari.
             Mangled by a killer bee (11 damage)
             ... on level 9 of the Dungeon.
             The game lasted 01:01:43 (11092 turns).

Hedron the Caller (Octopode Summoner)              Turns: 11092, Time: 01:01:44

Health: -9/51      AC:  9    Str:  8    XL:     9   Next: 92%
Magic:  7/23       EV: 17    Int: 20    God:    Ashenzari [*.....]
Gold:   679        SH:  5    Dex: 12    Spells: 6 memorised, 2 levels left

rFire  . . .     SeeInvis .     e - +2 flail (protect) (curse)
rCold  + . .     Clarity  .     D - +0 buckler (curse)
rNeg   . . .     SustAb   .     (helmet restricted)
rPois  .         Gourm    .     y - amulet of regeneration
rElec  .         Spirit   .     d - +3 ring of evasion (curse)
rCorr  .         Warding  .     p - ring of invisibility
rMut   .         Stasis   .     s - ring of protection from magic (curse)
MR     +....                    A - ring of flight (curse)
Stlth  +++++.....               z - +3 ring of protection (curse)
                                F - ring of protection from cold
                                (no ring)
                                (no ring)

@: lethally poisoned (-9 -> -10), very slightly contaminated, somewhat resistant
to hostile enchantments, quite stealthy
A: almost no armour, amphibious, 8 rings, constrict 8, camouflage 1, gelatinous
body 1
a: Renounce Religion, Evoke Invisibility, Evoke Flight


You were on level 9 of the Dungeon.
You worshipped Ashenzari.
Ashenzari was aware of your devotion.
You were hungry.

You visited 2 branches of the dungeon, and saw 10 of its levels.
You also visited: Bailey.

You collected 679 gold pieces.

Inventory:

Hand weapons
 e - a cursed +2 flail of protection (weapon)
Missiles
 h - 135 stones (quivered)
Armour
 D - a cursed +0 buckler (worn)
Jewellery
 d - a cursed +3 ring of evasion (left tentacle)
 g - an uncursed amulet of resist corrosion
 p - a ring of invisibility (right tentacle)
 s - a cursed ring of protection from magic (on tentacle)
 y - an amulet of regeneration (around mantle)
 z - a cursed +3 ring of protection (on tentacle)
 A - a cursed ring of flight (on tentacle)
 F - a ring of protection from cold (on tentacle)
 J - an uncursed amulet of stasis
Magical devices
 j - a wand of random effects (25)
 v - a wand of digging (10)
 B - a wand of heal wounds (4)
Scrolls
 r - a scroll of enchant armour
 x - a scroll of recharging
 H - a scroll of amnesia
 M - a scroll of curse armour
 O - a scroll of curse weapon
Potions
 a - 2 potions of brilliance
 f - 3 potions of cure mutation
 i - a potion of agility {unknown}
 n - 3 potions of curing
 o - 2 potions of resistance
 q - a potion of heal wounds
 w - 2 potions of invisibility {unknown}
 C - a potion of poison {unknown}
 E - 4 potions of might
 G - a potion of ambrosia {unknown}
 K - a potion of beneficial mutation {unknown}
 L - a potion of berserk rage {unknown}
 N - a potion of mutation {unknown}
Books
 b - a book of Callings

   Spells                             Type                      Level
   a - Summon Small Mammal            Summoning                    1
   b - Call Imp                       Summoning                    2
   c - Call Canine Familiar           Summoning                    3
   d - Summon Guardian Golem          Hexes/Summoning              4
   e - Summon Lightning Spire         Summoning/Air                4
   f - Summon Ice Beast               Ice/Summoning                4
Comestibles
 c - 5 bread rations
 k - 5 fruits
 l - 3 slices of pizza
 m - 3 royal jellies
 t - 3 meat rations
 u - 10 chunks of flesh


   Skills:
 + Level 5.3 Dodging
 + Level 6.7 Stealth
 * Level 4.6 Shields
 * Level 6.4 Spellcasting
 + Level 1.2 Hexes
 * Level 7.8 Summonings
 + Level 4.2 Ice Magic
 + Level 1.4 Air Magic


You had 2 spell levels left.
You knew the following spells:

 Your Spells              Type           Power        Failure   Level  Hunger
a - Summon Small Mammal   Summ           ####         1%          1    None
b - Call Imp              Summ           #####...     1%          2    None
c - Call Canine Familiar  Summ           #####...     1%          3    ##.....
d - Summon Ice Beast      Ice/Summ       ####....     10%         4    ####...
e - Summon Guardian Gole  Hex/Summ       ###.....     17%         4    ####...
f - Summon Lightning Spi  Summ/Air       ###.....     17%         4    ####...


Dungeon Overview and Level Annotations

Branches:
Dungeon (9/15)             Temple (1/1) D:6
   Lair: D:8-11         Orc: D:9-12

Altars:
Ashenzari
Cheibriados
Dithmenos
Elyvilon
Fedhas
Gozag
Kikubaaqudgha
Makhleb
Nemelex Xobeh
Okawaru
Qazlal
Ru
Sif Muna
Trog
Vehumet
Xom
Yredelemnul
Zin
The Shining One

Shops:
D:6 (


Innate Abilities, Weirdness & Mutations

You cannot wear most types of armour.
You are amphibious.
You can wear up to eight rings at the same time.
You can use your tentacles to constrict many enemies at once.
Your skin changes colour to match your surroundings (Stealth).
Your rubbery body absorbs attacks (AC +1).


Message History

Your ice beast hits the queen bee but does no damage.
The killer bee stings you but does no damage.
Your ice beast completely misses the queen bee.
The queen bee barely misses your ice beast.
The killer bee buzzes angrily.
Unknown command.
Read which item? (? for menu, Esc to quit)
As you read the scroll labeled PSAMAV ESIMM, it crumbles to dust.
The dust glows brilliant scarlet!
It was a scroll of random uselessness.
You constrict the killer bee. The killer bee completely misses you.
The killer bee stings you! The killer bee completely misses you.
The killer bee stings you but does no damage.
The hippogriff bites you.
* * * LOW HITPOINT WARNING * * *
The hippogriff pecks you but does no damage.
The hippogriff closely misses you. The killer bee stings you!
* * * LOW HITPOINT WARNING * * *
You are poisoned.
The killer bee poisons you! The killer bee stings you!
You die... ........................>...# #...............###.........# #.........#......##.........# #.........#......##.........# #........<#...............### # ..........#...###...####### PPP

......#####...###...#####
.... ......#
......#..y...y..### ..y?.
(.....#
........@y§..y†...#.PPPPP
......#
.......H....YY..#.'......
......#
...............#.'......
##....#
......Z........###.PPPPP
......# ...............#
..y..y ......#
......##......# .....
......# ..... #......#


PPPP ......### ............# ## ......... . ......## You could see a hippogriff,
a queen bee, 3 killer bees, a giant frog zombie and 2 friendly ice beasts.

Vanquished Creatures
  An ugly thing (D:8)
  Prince Ribbit (D:7)
  A phantom (D:7)
  A centaur (D:8)
  An ogre (D:8)
  2 orc warriors
  3 giant frogs
  The ghost of Chronobunny the Skirmisher, a weakling DrBe of Trog (D:3)
  A water moccasin skeleton (D:5)
  A jelly (D:6)
  2 orc priests (D:6)
  3 crimson imps
  3 hounds
  A giant frog skeleton (D:6)
  A centaur skeleton (D:5)
  2 iguanas
  4 orc wizards
  6 worker ants
  A hound skeleton (D:7)
  2 worker ant zombies
  2 adders
  7 gnolls
  A shadow imp (D:6)
  A river rat (D:5)
  2 giant mites
  A worm (D:3)
  An adder skeleton (D:5)
  3 giant geckos
  20 orcs
  11 bats
  A bat zombie (D:5)
  6 giant cockroaches
  A giant mite zombie (D:5)
  20 hobgoblins
  4 jackals (D:2)
  2 quokkas
  A ball python (D:5)
  2 giant newts (D:1)
  A giant spore (D:6)
  12 goblins
  12 kobolds
  9 rats
  2 ballistomycetes (D:6)
160 creatures vanquished.

Vanquished Creatures (collateral kills)
  A hungry ghost (D:8)
  Menkaure (D:7)
  The ghost of Aelig the Conjurer, an average OpIE (D:5)
  4 orc warriors
  An ice beast (D:6)
  3 ogres
  A necrophage (D:4)
  2 phantoms
  3 centaurs
  A gnoll sergeant (D:8)
  2 giant frogs
  2 scorpions
  2 killer bees (D:9)
  A goliath beetle (D:8)
  A giant frog skeleton (D:4)
  2 orc priests
  2 iguanas
  A centaur skeleton (D:5)
  6 orc wizards
  2 hounds
  A worker ant (D:4)
  Ijyb (D:4)
  An adder (D:8)
  13 gnolls
  A shadow imp (D:5)
  2 giant geckos
  An ooze (D:1)
  58 orcs
  6 bats
  A giant cockroach (D:4)
  8 hobgoblins
  6 jackals (D:1)
  2 giant newts
  5 goblins
  A jackal zombie (D:6)
  7 kobolds
  A quokka zombie (D:5)
  2 rats
156 creatures vanquished.

Vanquished Creatures (others)
  7 wolves
  9 ice beasts
  4 crimson imps
  24 hounds
  A lightning spire (D:8)
  3 white imps
  2 shadow imps
  5 quokkas
  4 bats
  16 rats
75 creatures vanquished.

Grand Total: 391 creatures vanquished

Notes
Turn   | Place    | Note
--------------------------------------------------------------
     0 | D:1      | Hedron, the Octopode Summoner, began the quest for the Orb.
     0 | D:1      | Reached XP level 1. HP: 11/11 MP: 3/3
   437 | D:1      | Reached XP level 2. HP: 17/17 MP: 0/5
   441 | D:1      | Learned a level 2 spell: Call Imp
  1336 | D:2      | Reached XP level 3. HP: 21/21 MP: 6/6
  1398 | D:2      | Learned a level 3 spell: Call Canine Familiar
  1406 | D:2      | Found an opulent altar of Gozag.
  1454 | D:2      | Found a deep blue altar of Sif Muna.
  1454 | D:2      | Found a snail-covered altar of Cheibriados.
  1984 | D:2      | Reached XP level 4. HP: 27/27 MP: 8/8
  2672 | D:3      | Noticed Chronobunny's ghost (weakling DrBe)
  2709 | D:3      | Killed Chronobunny's ghost
  2709 | D:3      | Reached XP level 5. HP: 29/31 MP: 1/11
  2796 | D:3      | Learned a level 4 spell: Summon Ice Beast
  4145 | D:4      | Found a glowing golden altar of the Shining One.
  4162 | D:4      | Reached skill level 5 in Summonings
  4273 | D:4      | Reached skill level 1 in Ice Magic
  4273 | D:4      | Reached XP level 6. HP: 36/36 MP: 13/13
  4301 | D:4      | Noticed a phantom
  4320 | D:4      | Killed a phantom
  4567 | D:4      | Noticed Ijyb
  4582 | D:4      | Killed Ijyb
  4675 | D:4      | Noticed a necrophage
  4695 | D:4      | Killed a necrophage
  5493 | D:5      | Entered Level 5 of the Dungeon
  5903 | D:5      | Reached XP level 7. HP: 28/41 MP: 12/17
  6152 | D:5      | Found an iron altar of Okawaru.
  6526 | D:5      | Noticed Aelig's ghost (average OpIE)
  6541 | D:5      | Killed Aelig's ghost
  6541 | D:5      | Reached skill level 6 in Summonings
  7236 | D:6      | Reached XP level 8. HP: 44/46 MP: 19/19
  7369 | D:6      | Reached skill level 5 in Stealth
  7440 | D:6      | Learned a level 4 spell: Summon Guardian Golem
  7475 | D:6      | Reached skill level 1 in Shields
  7492 | D:6      | Reached skill level 5 in Spellcasting
  7588 | D:6      | Found a staircase to the Ecumenical Temple.
  7600 | D:6      | Found Plaagga's Weapon Shop.
  8222 | D:7      | Noticed Prince Ribbit
  8277 | D:7      | Killed Prince Ribbit
  8357 | D:7      | Learned a level 4 spell: Summon Lightning Spire
  8394 | D:7      | Reached skill level 7 in Summonings
  8406 | D:7      | Noticed Menkaure
  8412 | D:7      | Killed Menkaure
  8542 | D:7      | Found a flagged portal.
  8549 | D:7      | Reached XP level 9. HP: 51/51 MP: 14/22
  8559 | Bailey   | Entered a bailey
  8886 | Bailey   | Noticed an orc knight
  8886 | Bailey   | Noticed an orc knight
  8923 | Bailey   | HP: 1/51 [orc knight/trident (10)]
  9068 | Temple   | Entered the Ecumenical Temple
  9076 | Temple   | Became a worshipper of Ashenzari the Shackled
  9810 | D:8      | Found a sacrificial altar of Ru.
  9966 | D:8      | Noticed a white ugly thing
 10146 | D:8      | Killed a white ugly thing
 10398 | D:8      | Reached skill level 1 in Air Magic
 10607 | D:8      | Reached skill level 5 in Dodging
 10934 | D:9      | Reached skill level 1 in Hexes
 11016 | D:9      | Found a radiant altar of Vehumet.
 11092 | D:9      | HP: 2/51 [killer bee (13)]
 11092 | D:9      | Mangled by a killer bee

Action                   |  1- 3 |  4- 6 |  7- 9 || total
-------------------------+-------+-------+-------++-------
Melee: Unarmed           |     4 |       |       ||     4
       Short sword       |    11 |       |       ||    11
       Dagger            |    49 |   117 |    89 ||   255
       Flail             |       |       |   246 ||   246
 Cast: Summon Small Mamm |    61 |    45 |     5 ||   111
       Call Canine Famil |     3 |    27 |    37 ||    67
       Call Imp          |       |    19 |    30 ||    49
       Summon Ice Beast  |       |       |    36 ||    36
       Summon Lightning  |       |       |     1 ||     1
Evoke: Wand              |       |       |     1 ||     1
  Use: Scroll            |     2 |    10 |    13 ||    25
       Potion            |       |       |     7 ||     7
 Stab: Sleeping          |     5 |    10 |     8 ||    23
       Distracted        |       |       |     5 ||     5
  Eat: Chunk             |     4 |    13 |    25 ||    42
       Beef jerky        |       |     1 |     1 ||     2
